 Dungeon Crawl Stone Soup version 0.29-a0-1023-g6ae1a4a2c7 (webtiles) character file.

Game seed: 2225465707014382855

5982 2tc the Skirmisher (level 10, -5/44 HPs)
             Began as a Spriggan Arcane Marksman on Aug 11, 2022.
             Was an Elder of Dithmenos.
             Succumbed to barbed spike wounds
             ... on level 8 of the Dungeon.
             The game lasted 00:39:31 (9260 turns).

2tc the Skirmisher (Spriggan Arcane Marksman)       Turns: 9260, Time: 00:39:32

Health: -5/44      AC:  4    Str:  6    XL:     10   Next: 55%
Magic:  12/13      EV: 19    Int: 14    God:    Dithmenos [****..]
Gold:   380        SH:  0    Dex: 27    Spells: 0/11 levels left

rFire   . . .      SeeInvis +   H - +2 sling (flame)
rCold   . . .      Faith    .   (no shield)
rNeg    . . .      Spirit   .   v - +1 robe {Archmagi}
rPois   +          Reflect  .   (helmet restricted)
rElec   .          Harm     .   y - +0 cloak
rCorr   .          Rampage  .   (gloves unavailable)
Will    +....      Archmagi +   (boots unavailable)
Stlth   ++++......              (no amulet)
HPRegen 0.14/turn               C - +6 ring of dexterity
MPRegen 0.13/turn               j - ring of poison resistance

@: about to teleport, spiked, wreathed by umbra, very quick
A: very small, no large weapons, unfitting armour, see invisible, speed 3
a: Renounce Religion, Shadow Step


You were on level 8 of the Dungeon.
You worshipped Dithmenos.
Dithmenos was greatly pleased with you.
You visited 2 branches of the dungeon, and saw 9 of its levels.

You collected 380 gold pieces.

Inventory:

Hand Weapons
 a - a +3 sling
 e - a +0 rapier
 m - a +1 dagger of electrocution
 p - a +0 shortbow
 r - a +1 dagger of protection
 H - a +2 sling of flaming (weapon)
Missiles
 D - a throwing net
Armour
 v - a +1 robe of the Archmagi (worn)
 y - a +0 cloak (worn)
Jewellery
 c - a +6 ring of strength
 h - a ring of willpower
 j - a ring of poison resistance (right hand)
 s - a +6 ring of intelligence
 x - a ring of flight
 z - a ring of wizardry
 C - a +6 ring of dexterity (left hand)
 E - a +6 ring of dexterity
 I - a ring of magical power
Wands
 A - a wand of flame (13)
 B - a wand of iceblast (10)
 F - a wand of charming (6)
Scrolls
 q - 2 scrolls of teleportation
 t - a scroll of magic mapping
 u - 3 scrolls of immolation
 w - 2 scrolls of identify
Potions
 d - a potion of cancellation
 f - 2 potions of flight
 g - a potion of invisibility
 k - 2 potions of mutation
 l - 4 potions of lignification
 n - 4 potions of curing
 o - 2 potions of might
 G - a potion of magic


   Skills:
 - Level 0.7 Fighting
 - Level 14.0 Ranged Weapons
 - Level 2.6 Dodging
 - Level 2.2 Stealth
 - Level 1.3 Spellcasting
 - Level 6.5 Hexes
 + Level 8.5 Translocations


You couldn't memorise any spells.
You knew the following spells:

 Your Spells              Type           Power      Damage    Failure   Level
a - Slow                  Hex            100%       N/A       1%          1
b - Cause Fear            Hex            14%        N/A       17%         4
c - Gell's Gravitas       Tloc           37%        N/A       2%          3
d - Teleport Other        Tloc           37%        N/A       2%          3

Your spell library contained the following spells:

 Spells                   Type           Power      Damage    Failure   Level
 Lesser Beckoning         Tloc           37%        N/A       2%          3
 Portal Projectile        Hex/Tloc       66%        N/A       3%          3
 Inner Flame              Hex/Fire       15%        N/A       21%         3
 Necrotise                Necr           4%         1d4       26%         1
 Static Discharge         Conj/Air       1%         3-4/arc   36%         2
 Ignite Poison            Fire/Tmut/Pois 1%         N/A       58%         3
 Mephitic Cloud           Conj/Pois/Air  1%         N/A       58%         3
 Vampiric Draining        Necr           1%         2d6       58%         3
 Agony                    Necr           1%         N/A       100%        5
 Freezing Cloud           Conj/Ice/Air   0%         6-21      100%        5
 Lightning Bolt           Conj/Air       0%         1d11      100%        5
 Maxwell's Capacitive Co  Air            0%         ∞         100%        8


Dungeon Overview and Level Annotations

Branches:
Dungeon (8/15)             Temple (1/1) D:4            Lair (0/5) D:8

Altars:
Ashenzari
Cheibriados
Dithmenos
Elyvilon
Fedhas
Gozag
Hepliaklqana
Kikubaaqudgha
Makhleb
Nemelex Xobeh
Okawaru
Qazlal
Ru
Sif Muna
Trog
Uskayaw
Vehumet
Wu Jian
Xom
Yredelemnul
Zin
The Shining One

Shops:
D:5 =   D:7 [

Annotations:
D:8 BritishOli's ghost, novice DsFi


Innate Abilities, Weirdness & Mutations

You are very small and have problems with some larger weapons.
You are too small for most types of armour.
You have supernaturally acute eyesight. (SInv)
You cover ground extremely quickly. (Speed+++)


Message History

The sling bullet hits the manticore but does no damage.
The manticore is lightly wounded.
You shoot a sling bullet. The sling bullet hits the manticore.
The sling bullet burns the manticore.
The manticore is lightly wounded.
You shoot a sling bullet.
The sling bullet closely misses the manticore.
The manticore flicks its tail.
The volley of spikes hits you!
The barbed spikes become lodged in your body.
* * * LOW HITPOINT WARNING * * *
You feel much better.
You shoot a sling bullet. The sling bullet hits the manticore!
The sling bullet burns the manticore.
The manticore is moderately wounded.
The barbs in your skin will harm you if you move.
Continue?
The barbed spikes dig painfully into your body as you move.
The barbed spikes dig painfully into your body as you move.
The barbed spikes dig painfully into your body as you move.
The barbed spikes dig painfully into your body as you move.
* * * LOW HITPOINT WARNING * * *
You can't see any enemies this would affect, really read the scroll of poison?
The air fills with toxic fumes!
As you read the scroll of poison, it crumbles to dust.
As you read the scroll of identify, it crumbles to dust.
G - a potion of magic You feel better.
The manticore is poisoned.
As you read the scroll of teleportation, it crumbles to dust.
You feel strangely unstable.
The barbed spikes dig painfully into your body as you move.
The manticore is engulfed in poison gas.
The manticore looks even sicker.
The barbed spikes dig painfully into your body as you move.
* * * LOW HITPOINT WARNING * * *
The barbed spikes dig painfully into your body as you move.
* * * LOW HITPOINT WARNING * * *
The manticore flicks its tail.
The volley of spikes misses you.
The barbed spikes dig painfully into your body as you move.
You die...

###### #.....
########.#### ###
#.........#
##§######.######..#
#§§§@.....# #..#
##§######## #..#
#§# #..# #H# #..#
#§#############..#
#
#§..H........#...#
# #######........
#. ..#####.. #.
..##F©.# ... #.


There were no monsters in sight!

Vanquished Creatures
  A two-headed ogre (D:7)
  Amaemon (D:8)
  An orange demon (D:8)
  Maggie (D:7)
  Psyche (D:8)
  A hornet (D:7)
  2 wyverns (D:8)
  A warg (D:8)
  A water moccasin (D:4)
  3 ice beasts
  An orc warrior (D:8)
  4 black bears
  3 ogres
  2 centaurs
  A kobold brigand (D:6)
  A phantom (D:6)
  3 bullfrogs
  3 necrophages (D:6)
  4 scorpions
  8 wights (D:6)
  4 killer bees (D:7)
  3 howler monkeys
  A hound (D:7)
  2 jellies
  A gnoll bouda (D:7)
  2 orc priests
  5 iguanas
  8 orc wizards
  7 gnolls
  6 adders
  A shadow imp (D:7)
  An ufetubus (D:7)
  4 worms
  2 dart slugs
  30 orcs
  6 ball pythons
  4 endoplasms
  A giant cockroach (D:2)
  8 goblins
  3 hobgoblins
  3 jackals
  4 quokkas
  6 bats
  4 frilled lizards
  6 kobolds
  7 rats
172 creatures vanquished.

Vanquished Creatures (collateral kills)
  An orc (D:6)
1 creature vanquished.

Vanquished Creatures (others)
  4 plants (D:8)
4 creatures vanquished.

Grand Total: 177 creatures vanquished

Notes
Turn   | Place    | Note
-------+----------+-------------------------------------------
     0 | D:1      | 2tc the Spriggan Arcane Marksman began the quest for the
                  | Orb.
     0 | D:1      | Reached XP level 1. HP: 9/9 MP: 3/3
   136 | D:1      | Reached skill level 1 in Stealth
   242 | D:1      | Reached XP level 2. HP: 14/14 MP: 5/5
   350 | D:1      | Found a faded altar of an unknown god.
   386 | D:1      | Prayed at the altar of an unknown god.
   386 | D:1      | Became a worshipper of Dithmenos the Shadowed
   386 | D:1      | Reached * piety under Dithmenos
   774 | D:2      | Reached skill level 3 in Ranged Weapons
   854 | D:2      | Found a bloodstained altar of Trog.
   922 | D:2      | Reached XP level 3. HP: 17/17 MP: 6/6
  1183 | D:2      | Reached ** piety under Dithmenos
  1245 | D:3      | Found a hazy altar of Hepliaklqana.
  1256 | D:3      | Found a shimmering blue altar of Sif Muna.
  1260 | D:3      | Found a hide-covered altar of Uskayaw.
  1263 | D:3      | Found a glowing silver altar of Zin.
  1490 | D:3      | Reached skill level 4 in Ranged Weapons
  1560 | D:3      | Reached XP level 4. HP: 21/21 MP: 7/7
  2116 | D:4      | Noticed an ogre
  2138 | D:4      | Killed an ogre
  2139 | D:4      | Reached skill level 5 in Ranged Weapons
  2139 | D:4      | Reached XP level 5. HP: 25/25 MP: 8/8
  2177 | D:4      | Noticed an ogre
  2225 | D:4      | Killed an ogre
  2226 | D:4      | Reached skill level 6 in Ranged Weapons
  2248 | D:4      | Found a staircase to the Ecumenical Temple.
  2257 | Temple   | Entered the Ecumenical Temple
  2727 | D:4      | Found a snail-covered altar of Cheibriados.
  3067 | D:5      | Entered Level 5 of the Dungeon
  3128 | D:4      | Reached XP level 6. HP: 29/29 MP: 9/9
  3690 | D:5      | Noticed an ice beast
  3743 | D:4      | Killed an ice beast
  3773 | D:5      | Noticed a water moccasin
  3955 | D:4      | Killed a water moccasin
  4218 | D:4      | Reached skill level 5 in Hexes
  4218 | D:4      | Reached XP level 7. HP: 26/32 MP: 8/10
  4433 | D:5      | Learned a level 4 spell: Cause Fear
  4462 | D:5      | Reached skill level 7 in Ranged Weapons
  4765 | D:5      | Found Qyocigga's Jewellery Boutique.
  5348 | D:6      | Found an ancient bone altar of Kikubaaqudgha.
  5368 | D:5      | Reached skill level 8 in Ranged Weapons
  5474 | D:6      | Reached XP level 8. HP: 31/37 MP: 11/11
  5480 | D:6      | Reached *** piety under Dithmenos
  5931 | D:6      | Reached skill level 9 in Ranged Weapons
  5943 | D:6      | Found an opulent altar of Gozag.
  6083 | D:6      | Reached skill level 10 in Ranged Weapons
  6375 | D:6      | Reached XP level 9. HP: 23/40 MP: 10/12
  6407 | D:6      | Reached skill level 11 in Ranged Weapons
  7090 | D:7      | Found a white marble altar of Elyvilon.
  7230 | D:7      | Reached skill level 12 in Ranged Weapons
  7396 | D:7      | Noticed Maggie
  7465 | D:7      | Killed Maggie
  7589 | D:7      | Found a shimmering altar of Xom.
  7891 | D:7      | Noticed a two-headed ogre
  7924 | D:7      | Killed a two-headed ogre
  7925 | D:7      | Reached skill level 13 in Ranged Weapons
  8194 | D:7      | Reached XP level 10. HP: 44/44 MP: 13/13
  8270 | D:7      | Found Mamugoha's Antique Armour Shop.
  8388 | D:7      | Reached **** piety under Dithmenos
  8409 | D:8      | Noticed Psyche
  8414 | D:8      | Killed Psyche
  8415 | D:8      | Reached skill level 14 in Ranged Weapons
  8415 | D:8      | Reached skill level 1 in Translocations
  8419 | D:8      | Learned a level 3 spell: Gell's Gravitas
  8466 | D:8      | Noticed Amaemon
  8563 | D:8      | Killed Amaemon
  8564 | D:8      | Reached skill level 5 in Translocations
  8567 | D:8      | Noticed an orange demon
  8595 | D:8      | Killed an orange demon
  9052 | D:8      | Noticed BritishOli's ghost (novice DsFi)
  9061 | D:8      | Found a staircase to the Lair.
  9144 | D:8      | Learned a level 3 spell: Teleport Other
  9234 | D:8      | Noticed a manticore
  9259 | D:8      | HP: 2/44 [barbs]
  9260 | D:8      | Succumbed to barbed spike wounds

Illustrated notes

Levels and vault maps discovered:
D:1:      dpeg_arrival_rooms_c, layout_rooms,
          ebering_ecumenical_altar_abandoned, lemuel_another_geyser
D:2:      layout_basic, basic_altar, minmay_splitting_lines
D:3:      layout_rooms, grunt_temple_overflow_cloverleaf, dk_vineyard_3,
          nicolae_elevator_lobby_asterisk
D:4:      layout_loops_corners, mainiacjoe_overflow_alcove_4,
          minmay_temple_entry_waves
D:5:      layout_basic, serial_shops, shop
D:6:      layout_basic, hangedman_feature_mirror, minmay_checkerbox
D:7:      layout_basic, mainiacjoe_overflow_boulevard, elyvilon_altar_1,
          serial_shops, nicolae_shop_stone, uniq_maggie
D:8:      layout_loops_ring, erik_lair_orcish_takeover, nzn_ghost_randoct,
          uniq_grum, uniq_psyche, uniq_amaemon
Temple:   eino_temple_lava

Skill      XL: |  1  2  3  4  5  6  7  8  9 10 |
---------------+-------------------------------+-----
Stealth        | 1 2 |  2.2
Ranged Weapons | 3 4 5 6 8 10 13 14 | 14.0
Hexes          | 5 6 |  6.5
Translocations | 8 |  8.5
Fighting       | |  0.7
Dodging        | |  2.6
Spellcasting   | |  1.3

Action                   |  1- 3 |  4- 6 |  7- 9 | 10-12 || total
-------------------------+-------+-------+-------+-------++-------
Melee: Dagger            |       |    64 |     2 |     4 ||    70
       Punch             |       |     3 |       |       ||     3
 Fire: Sling             |   144 |   153 |   470 |   119 ||   886
 Cast: Slow              |     4 |    14 |    61 |    27 ||   106
Evoke: Wand              |       |       |     1 |     6 ||     7
  Use: Scroll            |     7 |     6 |     7 |     3 ||    23
       Potion            |       |     1 |     2 |     2 ||     5
 Stab: Sleeping          |       |       |       |     1 ||     1
Armor: Robe              |     7 |     7 |     3 |     2 ||    19
Dodge: Dodged            |    33 |    67 |    53 |    26 ||   179

Table legend: (Time is in decaauts)
 A = Elapsed time spent in this place.
 B = Non-inter-level travel time spent in this place.
 C = Inter-level travel time spent in this place.
 D = Time resting spent in this place.
 E = Time spent auto-exploring this place.
 F = Levels seen in this place.
 G = Mean time per level.
                   A        B        C        D        E       F      G
               +--------+--------+--------+--------+--------+-----+--------+
         Total |   6951 |   6603 |    348 |    558 |   3989 |   9 |  772.3 |
       Dungeon |   6909 |   6567 |    342 |    558 |   3958 |   8 |  863.6 |
        Temple |     41 |     35 |      6 |      0 |     30 |   1 |   41.0 |
               +--------+--------+--------+--------+--------+-----+--------+

Top non-repeatable levels by time:
     D:4: 1445 daAuts
     D:6: 1326 daAuts
     D:7: 1229 daAuts
     D:5: 1017 daAuts
     D:3: 607 daAuts
     D:2: 440 daAuts
     D:8: 439 daAuts
     D:1: 403 daAuts
  Temple: 41 daAuts
